[Event "Titled Tuesday Blitz December 27 Late 2022"]
[White "Sourath Biswas"]
[Black "Graif, William"]
[WhiteFideId "35091484"]
[BlackFideId "2609835"]
[WhiteElo "2281"]
[BlackElo "2304"]
[Result "1-0"]
[Round "06"]
[TimeControl "180+2"]
[Date "2022.12.27"]
[WhiteClock "0:00:18"]
[BlackClock "0:00:02"]

1. d4 Nf6 2. Bf4 c5 3. e3 Qb6 4. Nc3 Qxb2 5. Nb5 cxd4 6. exd4 e5 7. Bd2 Nc6 8. Rb1 Qxa2 9. Ra1 Qb2 10. Nf3 e4 11. Bc4 exf3 12. Ra2 fxg2 13. Rg1 Qxa2 14. Bxa2 Kd8 15. Bf4 d6 16. Bxd6 a6 17. Bxf8 Rxf8 18. Nd6 Kc7 19. Nf5 Bxf5 20. Qf3 Rfe8+ 21. Kd2 Be4 22. Qg3+ Kb6 23. Qxg7 Nxd4 24. Rb1+ Ka7 25. Qxf6 Rad8 26. Qb6+ Ka8 27. Kc3 Ne2+ 28. Kb4 g1=Q 29. Rxg1 Nxg1 30. Bxf7 Rf8 31. h4 Bc6 32. Bh5 Nh3 33. Bg4 Nxf2 34. Be2 Rf4+ 35. Kb3 Bd5+ 36. Kb2 Rc8 37. Bxa6 bxa6 38. Qxa6+ Kb8 39. Qd6+ Rc7 40. Qxf4 Nd1+ 41. Kc1 Nc3 42. Qf8+ Kb7 43. Qb4+ Kc8 44. Kd2 Ne4+ 45. Ke3 1-0


[Site "https://www.chess.com"]

[Event "Titled Tuesday Blitz December 27 Late 2022"]
[White "Srebrnic, Marko"]
[Black "Gasparyan, David"]
[WhiteFideId "14603616"]
[BlackFideId "13311980"]
[WhiteElo "2366"]
[BlackElo "2142"]
[Result "1-0"]
[Round "06"]
[TimeControl "180+2"]
[Date "2022.12.27"]
[WhiteClock "0:00:07"]
[BlackClock "0:00:05"]

1. e4 c5 2. Nf3 Nf6 3. e5 Nd5 4. Nc3 e6 5. Nxd5 exd5 6. d4 d6 7. Bg5 Qa5+ 8. c3 Nc6 9. Bd3 cxd4 10. exd6 Bxd6 11. O-O dxc3 12. Re1+ Be6 13. bxc3 Qxc3 14. Rc1 Qa5 15. Bb1 Kf8 16. Nd4 Nxd4 17. Qxd4 h6 18. Bf4 Bb4 19. Rxe6 fxe6 20. Be5 Rg8 21. Bg6 Ke7 22. Rc7+ Qxc7 23. Qxb4+ Kd7 24. Bxc7 Kxc7 25. Qe7+ Kc6 26. Qxe6+ Kc5 27. Qe7+ Kc4 28. Qc7+ Kd4 29. Qf4+ Kc5 30. h4 Rac8 31. Bf5 Rc6 32. Qe3+ Kb5 33. Qb3+ Kc5 34. Qxb7 Re8 35. Qxa7+ Kc4 36. Qa4+ Kc5 37. Bd7 Re1+ 38. Kh2 Rf6 39. Qa5+ Kd6 40. Qxe1 Kxd7 41. Qd2 Kd6 42. Qd4 Ke6 43. a4 Kd6 44. a5 Kd7 45. Qxd5+ Ke7 46. a6 Rxa6 47. Qb7+ Kf6 48. Qxa6+ Kf5 49. Qb5+ Kg6 50. h5+ Kh7 51. Qe8 g5 52. Qg6+ Kh8 53. Qxh6+ Kg8 54. Qxg5+ Kh8 55. h6 1-0


[Site "https://www.chess.com"]

[Event "Titled Tuesday Blitz December 27 Late 2022"]
[White "Steinberg, Nitzan"]
[Black "Poltorak, Sebastian"]
[WhiteFideId "2801795"]
[BlackFideId "1199498"]
[WhiteElo "2546"]
[BlackElo "2354"]
[Result "1/2-1/2"]
[Round "06"]
[TimeControl "180+2"]
[Date "2022.12.27"]
[WhiteClock "0:00:05"]
[BlackClock "0:00:45"]

1. e4 c6 2. Nf3 d5 3. d3 Bg4 4. Nbd2 Nd7 5. h3 Bxf3 6. Nxf3 e5 7. g3 Bc5 8. Bg2 Ne7 9. O-O O-O 10. c3 Qc7 11. exd5 Nxd5 12. d4 exd4 13. Nxd4 Rae8 14. h4 N7f6 15. Qd3 Rd8 16. Bd2 Bxd4 17. cxd4 Rfe8 18. Rfe1 Qd7 19. Re5 Nb6 20. Rxe8+ Nxe8 21. Re1 Nf6 22. Be3 Nbd5 23. Bd2 Nb6 24. Bc3 Nbd5 25. Ba5 Nb6 26. Rd1 Nfd5 27. Bd2 h6 28. Bf3 Nf6 29. Ba5 Nfd5 30. Kg2 Qd6 31. Re1 Nf6 32. Qb3 Nfd5 33. Re5 Qd7 34. Bxd5 cxd5 35. Bxb6 axb6 36. Qxb6 Rc8 37. Qa5 Rc2 38. Qxd5 Qxd5+ 39. Rxd5 Rxb2 40. a4 Rb4 41. a5 Ra4 42. Kf3 Kf8 43. Rb5 Rxd4 44. Rxb7 Ra4 45. Ra7 g6 46. a6 Kg7 47. Ra8 Kf6 48. Ke3 Kf5 49. a7 Kf6 50. Kd3 h5 51. Kc3 Kg7 52. Kb3 Ra6 53. Kc4 Ra1 54. f3 Rc1+ 55. Kd3 Ra1 56. g4 Ra3+ 57. Ke4 Ra4+ 58. Ke3 Ra3+ 59. Kf4 Ra4+ 60. Kg3 hxg4 61. fxg4 Kh7 62. h5 gxh5 63. gxh5 Kg7 64. Kf3 Kh7 65. Ke3 f5 66. Kf3 f4 67. h6 Ra1 68. Kxf4 Ra4+ 69. Ke5 Ra5+ 70. Kd4 Ra1 71. Kc5 Rc1+ 72. Kb4 Rb1+ 73. Kc3 Ra1 74. Kb2 Ra6 75. Kb3 Ra1 76. Kc4 Rc1+ 77. Kd3 Rd1+ 78. Ke4 Ra1 79. Kf5 Ra5+ 80. Ke6 Ra6+ 81. Kd7 Ra1 82. Kc6 Rc1+ 83. Kb7 Rb1+ 84. Kc8 Rc1+ 85. Kd7 Rd1+ 86. Ke6 Re1+ 87. Kf5 Rf1+ 88. Kg4 Rg1+ 89. Kh3 Ra1 90. Kg3 Ra3+ 91. Kf2 Ra2+ 92. Ke3 Ra3+ 93. Kd4 Ra1 94. Kc5 Rc1+ 95. Kb4 Rb1+ 96. Ka3 Ra1+ 97. Kb3 Ra6 98. Kb4 Ra1 99. Kc3 Ra5 100. Kb4 Ra1 101. Kc3 1/2-1/2


[Site "https://www.chess.com"]

[Event "Titled Tuesday Blitz December 27 Late 2022"]
[White "Subelj, Jan"]
[Black "Lenderman, Aleksandr"]
[WhiteFideId "14618583"]
[BlackFideId "2021285"]
[WhiteElo "2513"]
[BlackElo "2572"]
[Result "1/2-1/2"]
[Round "06"]
[TimeControl "180+2"]
[Date "2022.12.27"]
[WhiteClock "0:00:13"]
[BlackClock "0:00:11"]

1. e4 e6 2. d4 d5 3. e5 c5 4. c3 Nc6 5. Nf3 Nge7 6. Bd3 cxd4 7. cxd4 Nf5 8. Bxf5 exf5 9. O-O Be7 10. Nc3 Be6 11. a3 Rc8 12. Ne2 O-O 13. b4 Qb6 14. Nf4 a5 15. bxa5 Nxa5 16. Bd2 Nc4 17. Rb1 Qa6 18. Bb4 Rfe8 19. Bxe7 Rxe7 20. a4 Ra8 21. Rb4 b6 22. Qb3 h6 23. h4 Rea7 24. h5 Qc8 25. Ra1 Qc6 26. Ra2 Bd7 27. Nd2 Nxd2 28. Rxd2 Rxa4 29. Rxa4 Rxa4 30. Nxd5 Ra1+ 31. Kh2 Qc1 32. Ra2 Qh1+ 33. Kg3 Rxa2 34. Qxa2 Qxh5 35. f3 f4+ 36. Kf2 Qh4+ 37. Kf1 Be6 38. Qa8+ Kh7 39. Nxb6 Qh1+ 40. Kf2 Qc1 41. Qe4+ g6 42. Nd5 Qd2+ 43. Kg1 Bxd5 44. Qxd5 Qe1+ 45. Kh2 Kg7 46. Qe4 Qxe4 47. fxe4 g5 48. d5 g4 49. Kg1 Kf8 50. Kf2 Ke7 51. Ke2 h5 52. Kf2 h4 53. Kg1 Kd7 54. Kf2 Kc7 55. Kg1 Kb6 56. Kf2 Kc5 57. Kg1 Kb6 58. Kf2 Kc7 59. Kg1 Kd7 60. Kf2 Ke7 61. Kg1 f6 62. e6 Kd6 63. Kf2 Ke7 64. Kg1 Kd6 65. Kf2 Ke7 66. Kg1 1/2-1/2


[Site "https://www.chess.com"]

[Event "Titled Tuesday Blitz December 27 Late 2022"]
[White "Sukandar, Irine Kharisma"]
[Black "Bjelobrk, Igor"]
[WhiteFideId "7101937"]
[BlackFideId "4300726"]
[WhiteElo "2390"]
[BlackElo "2403"]
[Result "1-0"]
[Round "06"]
[TimeControl "180+2"]
[Date "2022.12.27"]
[WhiteClock "0:00:07"]
[BlackClock "0:00:05"]

1. e4 e5 2. Nf3 Nc6 3. d4 exd4 4. Nxd4 Nf6 5. Nc3 Bb4 6. Nxc6 bxc6 7. Bd3 O-O 8. O-O Re8 9. Qf3 Rb8 10. Bd2 Bd6 11. b3 Be5 12. Rae1 d6 13. h3 Be6 14. Nd1 Nd7 15. Ne3 Nc5 16. Bc4 Qe7 17. Bxe6 Nxe6 18. Nf5 Qf6 19. Qg4 Qg6 20. Qe2 c5 21. Kh1 h6 22. Qa6 Qf6 23. f4 Bc3 24. Rd1 Bxd2 25. Rxd2 Qc3 26. Re2 h5 27. Rf3 Qf6 28. a4 g6 29. Ne3 Nxf4 30. Ref2 Rxe4 31. Nd5 Qe5 32. Nxf4 Re1+ 33. Rf1 Rxf1+ 34. Qxf1 h4 35. Nd3 Qg7 36. Rf4 g5 37. Rf5 Re8 38. Qf3 Qg6 39. Rf6 Qg7 40. Rf5 Qg6 41. Qg4 f6 42. Qf3 Kg7 43. Qd5 Re7 44. Rf1 Qh5 45. Qf5 Rf7 46. Qe4 Qg6 47. Qe6 f5 48. Qd5 Qf6 49. Qc4 Re7 50. Qd5 f4 51. Qf3 Kg6 52. Qg4 Qf5 53. Nxf4+ Kf6 54. Nh5+ Kg6 55. Qxf5+ Kxh5 56. Qg4+ 1-0


[Site "https://www.chess.com"]

[Event "Titled Tuesday Blitz December 27 Late 2022"]
[White "TheKnightOfBosnia"]
[Black "Fernandez, Maria Florencia"]
[BlackFideId "116459"]
[WhiteElo "2434"]
[BlackElo "2129"]
[Result "1-0"]
[Round "06"]
[TimeControl "180+2"]
[Date "2022.12.27"]
[WhiteClock "0:00:22"]
[BlackClock "0:00:07"]

1. e4 c5 2. Nf3 d6 3. Bb5+ Nd7 4. d4 cxd4 5. Qxd4 a6 6. Bxd7+ Bxd7 7. Nc3 Nf6 8. Bg5 e6 9. Bxf6 Qxf6 10. Qxf6 gxf6 11. O-O Be7 12. Rad1 O-O 13. Rd2 Bc6 14. Nd4 Rac8 15. Rfd1 b5 16. Nxc6 Rxc6 17. a4 b4 18. Ne2 Rfc8 19. Nd4 Rc4 20. g3 Bf8 21. b3 Rc3 22. Kg2 Bh6 23. Rd3 R3c5 24. f4 Bg7 25. R1d2 f5 26. exf5 Bxd4 27. Rxd4 Rxc2 28. fxe6 fxe6 29. Rxd6 Rxd2+ 30. Rxd2 Rc3 31. Rd6 Rxb3 32. Rxe6 Rb2+ 33. Kh3 a5 34. Ra6 Ra2 35. Rxa5 b3 36. Rb5 b2 37. a5 Kf7 38. a6 Kg6 39. a7 Rxa7 40. Rxb2 Ra6 41. Rb5 Rc6 42. Rg5+ Kh6 43. Kg4 Rd6 44. h4 Rb6 45. Re5 Rc6 46. Re4 Rd6 47. f5 Rb6 48. Re6+ Rxe6 49. fxe6 Kg7 50. Kf5 Kf8 51. Kf6 Ke8 52. Kg7 h5 53. Kg6 Ke7 54. Kxh5 Kxe6 55. Kg6 Ke7 56. h5 Kf8 57. Kh7 Kf7 58. g4 Kf6 59. h6 Kg5 60. Kg7 Kxg4 61. h7 1-0


[Site "https://www.chess.com"]

[Event "Titled Tuesday Blitz December 27 Late 2022"]
[White "Theodorou, Nikolas"]
[Black "Babazada, Khazar"]
[WhiteFideId "4262875"]
[BlackFideId "13413554"]
[WhiteElo "2591"]
[BlackElo "2474"]
[Result "1-0"]
[Round "06"]
[TimeControl "180+2"]
[Date "2022.12.27"]
[WhiteClock "0:02:27"]
[BlackClock "0:01:13"]

1. e4 e5 2. d4 exd4 3. c3 d3 4. Bxd3 Nc6 5. Nf3 d6 6. O-O Nf6 7. h3 Be7 8. c4 O-O 9. Nc3 h6 10. b3 Ne5 11. Bb2 c6 12. Bc2 Qc7 13. Nd4 Ng6 14. f4 d5 15. e5 dxc4 16. exf6 Bxf6 17. Ne4 1-0


[Site "https://www.chess.com"]

[Event "Titled Tuesday Blitz December 27 Late 2022"]
[White "Toncheva, Nadya"]
[Black "Lorenzo De La Riva, Lazaro"]
[WhiteFideId "2924056"]
[BlackFideId "2268809"]
[WhiteElo "2295"]
[BlackElo "2404"]
[Result "0-1"]
[Round "06"]
[TimeControl "180+2"]
[Date "2022.12.27"]
[WhiteClock "0:00:12"]
[BlackClock "0:00:51"]

1. d4 Nf6 2. c4 g6 3. Nc3 Bg7 4. e4 d6 5. Be2 O-O 6. Bg5 Na6 7. Qd2 c6 8. h4 h5 9. f3 Nc7 10. Nh3 Ne6 11. Be3 c5 12. d5 Nd4 13. Bxd4 cxd4 14. Nb5 Qb6 15. Nf2 a6 16. Na3 e5 17. Nd3 Kh7 18. b4 Qd8 19. c5 a5 20. Nc4 Ne8 21. cxd6 Nxd6 22. Ncxe5 f5 23. exf5 Bxf5 24. g4 hxg4 25. h5 g5 26. fxg4 Be4 27. Rf1 Rxf1+ 28. Bxf1 Qe8 29. Qh2 Nc4 30. O-O-O Rc8 31. Kb1 Nxe5 32. Ka1 Nxd3 33. Bxd3 Bxd3 34. Rxd3 Qe1+ 35. Kb2 Qxb4+ 36. Ka1 Rc1# 0-1


[Site "https://www.chess.com"]

[Event "Titled Tuesday Blitz December 27 Late 2022"]
[White "Toniutti, Ezio"]
[Black "Sadilek, Peter"]
[WhiteFideId "113034"]
[BlackFideId "1616439"]
[WhiteElo "2224"]
[BlackElo "2314"]
[Result "1-0"]
[Round "06"]
[TimeControl "180+2"]
[Date "2022.12.27"]
[WhiteClock "0:00:35"]
[BlackClock "0:00:20"]

1. d4 Nf6 2. c4 e6 3. g3 d5 4. Bg2 Be7 5. Nf3 O-O 6. O-O Nbd7 7. Nbd2 c6 8. Qc2 b6 9. e4 Ba6 10. b3 c5 11. Rd1 dxc4 12. Nxc4 cxd4 13. Nxd4 Rc8 14. a4 Bxc4 15. bxc4 Qc7 16. Bf4 e5 17. Nf5 Bc5 18. Be3 g6 19. Bxc5 Nxc5 20. Ne3 Ne6 21. Bh3 Nd4 22. Qd3 Rcd8 23. Nd5 Qd6 24. f4 Nc6 25. Rac1 Nb4 26. Qe2 Nbxd5 27. cxd5 exf4 28. e5 Rde8 29. exd6 Rxe2 30. d7 fxg3 31. hxg3 Re3 32. Kf2 Ra3 33. Rc8 Nxd7 34. Bxd7 Rxc8 35. Bxc8 Rxa4 36. d6 1-0


[Site "https://www.chess.com"]

[Event "Titled Tuesday Blitz December 27 Late 2022"]
[White "Torres Dominguez, David"]
[Black "Fiorito, Joaquin"]
[WhiteFideId "2220857"]
[BlackFideId "180173"]
[WhiteElo "1994"]
[BlackElo "2405"]
[Result "0-1"]
[Round "06"]
[TimeControl "180+2"]
[Date "2022.12.27"]
[WhiteClock "0:00:17"]
[BlackClock "0:00:30"]

1. e4 c6 2. Nf3 d5 3. d3 Qc7 4. Be2 e5 5. O-O Nf6 6. Nbd2 Bd6 7. Re1 O-O 8. c3 Rd8 9. Qc2 a5 10. a4 Bg4 11. d4 dxe4 12. Nxe4 Nxe4 13. Qxe4 f5 14. Qd3 Bxf3 15. Qxf3 g6 16. Bg5 Re8 17. Bc4+ Kg7 18. Qh3 h5 19. dxe5 Rxe5 20. Rxe5 Bxe5 21. Rd1 Nd7 22. f4 Nb6 23. fxe5 Nxc4 24. Bf6+ Kf7 25. Qxh5 gxh5 0-1


[Site "https://www.chess.com"]

[Event "Titled Tuesday Blitz December 27 Late 2022"]
[White "Urbina Perez, Juan Antonio"]
[Black "Freile Martin, Javier"]
[WhiteFideId "2217368"]
[BlackFideId "3600165"]
[WhiteElo "2266"]
[BlackElo "2329"]
[Result "1-0"]
[Round "06"]
[TimeControl "180+2"]
[Date "2022.12.27"]
[WhiteClock "0:00:42"]
[BlackClock "0:00:04"]

1. d4 Nf6 2. c4 g6 3. f3 Bg7 4. e4 d6 5. Ne2 O-O 6. Nec3 a6 7. Be3 c6 8. Qd2 Re8 9. h4 b5 10. d5 bxc4 11. Bxc4 Bb7 12. dxc6 Nxc6 13. O-O Rc8 14. Nd5 Ne5 15. Bb3 Nc4 16. Bxc4 Rxc4 17. Nbc3 e6 18. Nxf6+ Bxf6 19. Rfd1 d5 20. exd5 exd5 21. Bg5 d4 22. Ne2 d3 23. Bxf6 Qxf6 24. Qxd3 Qb6+ 25. Nd4 Qc5 26. b3 Rc3 27. Qd2 Rd8 28. Kh1 Rxf3 29. gxf3 Bxf3+ 30. Kg1 Bxd1 31. Rxd1 Rd5 32. Qe3 Qd6 33. Rd2 a5 34. Nf3 h5 35. Rxd5 Qxd5 36. Qe8+ Kg7 37. Qe5+ Qxe5 38. Nxe5 f6 39. Nc6 g5 40. Nxa5 1-0


[Site "https://www.chess.com"]

[Event "Titled Tuesday Blitz December 27 Late 2022"]
[White "Vargas, Mauricio"]
[Black "Prohorov, Olexandr"]
[WhiteFideId "4404572"]
[BlackFideId "14105578"]
[WhiteElo "2035"]
[BlackElo "2086"]
[Result "0-1"]
[Round "06"]
[TimeControl "180+2"]
[Date "2022.12.27"]
[WhiteClock "0:00:01"]
[BlackClock "0:00:02"]

1. e4 d6 2. f4 c5 3. Nc3 Nc6 4. Nf3 a6 5. d3 b5 6. h3 Bb7 7. g4 e6 8. Bg2 h5 9. g5 g6 10. O-O Bg7 11. Qe1 Nge7 12. Ne2 d5 13. c3 b4 14. Bd2 O-O 15. Qh4 dxe4 16. dxe4 Na5 17. cxb4 Nc4 18. Bc3 Qd3 19. Ng3 Bxc3 20. bxc3 Qe3+ 21. Kh2 Qxc3 22. bxc5 Ne3 23. Rfc1 Nxg2 24. Kxg2 Qb2+ 25. Kf1 Nf5 26. Nxf5 exf5 27. Rab1 Qxa2 28. Rxb7 fxe4 29. Ne5 e3 30. Qe1 Qd5 31. c6 Qh1+ 32. Ke2 Qg2+ 33. Kxe3 Qxh3+ 34. Ke4 Qg2+ 35. Ke3 Rad8 36. Rd1 Rde8 37. Qf2 Qh3+ 38. Qf3 Qf5 39. Kf2 Qc2+ 40. Kg3 Rd8 41. Rxd8 Rxd8 42. Nd7 Rc8 43. Ne5 Kg7 44. Rxf7+ Kg8 45. Qa3 Qf5 46. Qe7 Rf8 0-1


[Site "https://www.chess.com"]

[Event "Titled Tuesday Blitz December 27 Late 2022"]
[White "Vasquez Schroeder, Rodrigo"]
[Black "Preotu, Razvan"]
[WhiteFideId "3400042"]
[BlackFideId "2613280"]
[WhiteElo "2524"]
[BlackElo "2475"]
[Result "1-0"]
[Round "06"]
[TimeControl "180+2"]
[Date "2022.12.27"]
[WhiteClock "0:01:52"]
[BlackClock "0:00:05"]

1. e4 c5 2. Nf3 d6 3. d4 cxd4 4. Nxd4 Nf6 5. Nc3 a6 6. Bg5 e6 7. f4 Qb6 8. Bxf6 gxf6 9. Qd2 Qxb2 10. Nb3 Qa3 11. Be2 Qb4 12. O-O Nc6 13. Qe3 Qa3 14. Kh1 h5 15. Nb1 Qb2 16. N1d2 f5 17. exf5 Qf6 18. fxe6 Qxe6 19. Qf2 d5 20. Bxa6 Qf6 21. Bb5 Bf5 22. Rfe1+ Be7 23. Nd4 Bd7 24. N2f3 h4 25. Bxc6 bxc6 26. Ne5 h3 27. g3 c5 28. Nxd7 Kxd7 29. Nf3 Bd6 30. Qd2 d4 31. Qd3 Rhe8 32. Qb5+ Kc7 33. Rxe8 Rxe8 34. Qxe8 Qf5 35. Qe2 Qd5 36. c4 dxc3 37. Rd1 Qa8 38. Qd3 Bf8 39. Qd7+ 1-0


[Site "https://www.chess.com"]

[Event "Titled Tuesday Blitz December 27 Late 2022"]
[White "Vega Gutierrez, Sabrina"]
[Black "reevecanada"]
[WhiteFideId "2219026"]
[WhiteElo "2377"]
[BlackElo "2430"]
[Result "0-1"]
[Round "06"]
[TimeControl "180+2"]
[Date "2022.12.27"]
[WhiteClock "0:00:06"]
[BlackClock "0:00:53"]

1. e4 c5 2. Nf3 d6 3. d4 cxd4 4. Qxd4 Nf6 5. Nc3 Nc6 6. Bb5 Bd7 7. Bxc6 bxc6 8. e5 dxe5 9. Nxe5 e6 10. Bg5 Qb6 11. Qxb6 axb6 12. Bxf6 gxf6 13. Nxd7 Kxd7 14. O-O-O+ Kc7 15. Ne4 f5 16. Nf6 Bd6 17. a3 h5 18. Rxd6 Kxd6 19. Rd1+ Ke7 20. Nd7 Ra6 21. Ne5 Kf6 22. f4 Ra7 23. Nxc6 Ra4 24. g3 h4 25. Ne5 hxg3 26. hxg3 Ra7 27. Nd7+ Ke7 28. Nxb6 Rb7 29. Nc4 Rh3 30. Rd3 Rd7 31. Rxd7+ Kxd7 32. Ne5+ Ke8 33. a4 f6 34. Nd3 Rxg3 35. a5 Kd7 36. b4 Kc6 37. Kb2 Kb5 38. Kb3 e5 39. c4+ Kc6 40. Kc2 Rg2+ 41. Kc3 e4 42. Nc5 Ra2 43. Ne6 Ra3+ 44. Kc2 Rd3 45. Ng7 Rf3 46. Nxf5 Rxf4 47. Nd4+ Kb7 48. b5 e3 49. Kd3 Rxd4+ 50. Kxd4 e2 51. Kc5 e1=Q 52. a6+ Ka7 0-1


[Site "https://www.chess.com"]

[Event "Titled Tuesday Blitz December 27 Late 2022"]
[White "Wang, Alexander J"]
[Black "Aguilar, Juan"]
[WhiteFideId "30955270"]
[BlackFideId "3800091"]
[WhiteElo "1815"]
[BlackElo "2254"]
[Result "0-1"]
[Round "06"]
[TimeControl "180+2"]
[Date "2022.12.27"]
[WhiteClock "0:01:35"]
[BlackClock "0:01:09"]

1. e4 g6 2. d4 Bg7 3. Nf3 d6 4. Nc3 a6 5. Be3 e6 6. a4 b6 7. Bd3 Bb7 8. Qd2 h6 9. h4 Nd7 10. g4 Ne7 11. g5 h5 12. Qe2 c5 13. a5 b5 14. dxc5 dxc5 15. Qd2 O-O 16. O-O-O b4 17. Ne2 Qxa5 18. Kb1 Rfc8 19. Bc4 Nb6 20. Ba2 Bxe4 21. Neg1 c4 22. Qd6 b3 23. Bxb3 cxb3 24. Bxb6 bxc2+ 0-1


[Site "https://www.chess.com"]

[Event "Titled Tuesday Blitz December 27 Late 2022"]
[White "White, John S."]
[Black "Mitrovic, Darko R"]
[WhiteFideId "2502348"]
[BlackFideId "927023"]
[WhiteElo "2235"]
[BlackElo "2220"]
[Result "0-1"]
[Round "06"]
[TimeControl "180+2"]
[Date "2022.12.27"]
[WhiteClock "0:00:13"]
[BlackClock "0:00:17"]

1. e4 e6 2. d3 d5 3. Nd2 Nf6 4. Ngf3 Be7 5. g3 O-O 6. Bg2 c5 7. O-O Nc6 8. Re1 b5 9. e5 Nd7 10. Nf1 a5 11. Bf4 Ba6 12. h4 Rc8 13. N1h2 a4 14. a3 Nb6 15. h5 b4 16. Ng4 Nd4 17. Qd2 Nxf3+ 18. Bxf3 bxa3 19. bxa3 c4 20. h6 g5 21. Nf6+ Bxf6 22. exf6 gxf4 23. Qxf4 Kh8 24. Re5 Rg8 25. Rg5 Rg6 26. Rxg6 hxg6 27. h7 cxd3 28. cxd3 Bxd3 29. Kg2 Nd7 30. g4 Qxf6 31. Qxf6+ Nxf6 32. g5 Nxh7 33. Rh1 Kg7 0-1


[Site "https://www.chess.com"]

[Event "Titled Tuesday Blitz December 27 Late 2022"]
[White "Xiong, Jeffery"]
[Black "Vakhlamov, Igor L."]
[WhiteFideId "2047640"]
[BlackFideId "24126748"]
[WhiteElo "2692"]
[BlackElo "2413"]
[Result "1-0"]
[Round "06"]
[TimeControl "180+2"]
[Date "2022.12.27"]
[WhiteClock "0:00:18"]
[BlackClock "0:00:01"]

1. e4 c5 2. Nf3 g6 3. c3 Bg7 4. d4 cxd4 5. cxd4 Nf6 6. Bd3 O-O 7. O-O d5 8. e5 Ne4 9. Ne1 f6 10. f3 Ng5 11. Nc2 Nc6 12. Nc3 Nf7 13. f4 Nh6 14. Be3 Bf5 15. Kh1 Rc8 16. Bg1 a6 17. Ne3 Bxd3 18. Qxd3 e6 19. Nc2 Qe7 20. Rae1 fxe5 21. dxe5 Nb4 22. Nxb4 Qxb4 23. Qd2 Nf5 24. Bf2 d4 25. Ne4 Qxd2 26. Nxd2 Rc2 27. Ne4 Rxb2 28. Nc5 Rc8 29. Nxe6 Rcc2 30. g4 Ne3 31. Nxd4 Rxf2 32. Rxf2 Rxf2 33. Rxe3 Rxf4 34. e6 Bf8 35. Ne2 Rxg4 36. e7 Bxe7 37. Rxe7 Ra4 38. Nc3 Ra3 39. Nd5 Rxa2 40. Nf6+ Kf8 41. Rxb7 h5 42. Ra7 a5 43. Kg1 a4 44. Nd7+ Kg8 45. h4 Rd2 46. Ne5 Rd4 47. Nf3 Rf4 48. Kf2 Rg4 49. Ke3 Kf8 50. Ne5 Rg3+ 51. Kf4 Rg1 52. Rxa4 Kg7 53. Ra7+ Kh6 54. Nf7+ Kg7 55. Ng5+ Kg8 56. Ke5 Rf1 57. Ke6 Rf5 58. Rf7 1-0


[Site "https://www.chess.com"]

[Event "Titled Tuesday Blitz December 27 Late 2022"]
[White "Yano, William Jorge Froes"]
[Black "Sos Andreu, Eric"]
[WhiteFideId "2112949"]
[BlackFideId "22247017"]
[WhiteElo "2045"]
[BlackElo "2352"]
[Result "1-0"]
[Round "06"]
[TimeControl "180+2"]
[Date "2022.12.27"]
[WhiteClock "0:01:06"]
[BlackClock "0:00:33"]

1. e4 c6 2. Nc3 d5 3. Qf3 dxe4 4. Nxe4 Nf6 5. Bc4 e6 6. Ne2 Nxe4 7. Qxe4 Nd7 8. d4 Nf6 9. Qf3 Be7 10. Bd2 O-O 11. O-O-O a5 12. g4 b5 13. Bd3 Nd5 14. h4 b4 15. g5 Ba6 16. Rdg1 Bxd3 17. Qxd3 a4 18. h5 Kh8 19. g6 b3 20. a3 bxc2 21. h6 fxg6 22. hxg7+ Kg8 23. gxf8=Q+ Bxf8 24. Rxh7 Qf6 25. Rxg6+ Kxh7 26. Rxf6+ Kg8 27. Qg6+ Kh8 28. Rf7 1-0


[Site "https://www.chess.com"]

[Event "Titled Tuesday Blitz December 27 Late 2022"]
[White "Yurovskykh, Oleksandr"]
[Black "Prieto Aranguren, Alain"]
[WhiteFideId "14134020"]
[BlackFideId "2268906"]
[WhiteElo "2328"]
[BlackElo "2258"]
[Result "1-0"]
[Round "06"]
[TimeControl "180+2"]
[Date "2022.12.27"]
[WhiteClock "0:01:31"]
[BlackClock "0:01:09"]

1. d4 d5 2. Bf4 e6 3. e3 Bd6 4. Bg3 Nf6 5. Nd2 O-O 6. Bd3 c5 7. c3 Nc6 8. Ngf3 b6 9. Qe2 Bb7 10. Rd1 Rc8 11. Bh4 Qc7 12. Bxf6 gxf6 13. O-O Kh8 14. a3 Rg8 15. e4 cxd4 16. cxd4 dxe4 17. Nxe4 Be7 18. Ng3 f5 19. Rfe1 Qb8 20. d5 Nd8 21. dxe6 fxe6 22. Bxf5 exf5 23. Qxe7 f4 24. Qf6+ 1-0


[Site "https://www.chess.com"]

[Event "Titled Tuesday Blitz December 27 Late 2022"]
[White "Zakhartsov, Vladimir"]
[Black "Martinez Alcantara, Jose Eduardo"]
[WhiteFideId "4145097"]
[BlackFideId "3805662"]
[WhiteElo "2552"]
[BlackElo "2619"]
[Result "0-1"]
[Round "06"]
[TimeControl "180+2"]
[Date "2022.12.27"]
[WhiteClock "0:00:01"]
[BlackClock "0:00:59"]

1. c4 c5 2. Nc3 Nc6 3. Nf3 g6 4. g3 Bg7 5. Bg2 e6 6. O-O d6 7. a3 Nge7 8. Rb1 O-O 9. b4 b6 10. e3 Bb7 11. d4 cxd4 12. exd4 Rc8 13. Be3 Nf5 14. Qd3 Nce7 15. Rbc1 Ba6 16. b5 Bb7 17. Nd2 Bxg2 18. Kxg2 d5 19. cxd5 Nxd5 20. Nce4 Rxc1 21. Rxc1 e5 22. Nf3 exd4 23. Bg5 Qd7 24. Rc6 h6 25. Bd2 Re8 26. h3 Qe7 27. g4 Qxe4 28. Qxe4 Rxe4 29. gxf5 gxf5 30. Rd6 Nc3 31. Bxh6 Bxh6 32. Rxh6 Nxb5 33. a4 Nc3 34. Rd6 d3 35. a5 bxa5 36. Rxd3 Ne2 37. Ra3 a4 38. Nd2 Rd4 39. Nf1 f4 40. Kf3 Nc1 41. h4 f5 42. h5 Kg7 43. Nh2 Kh6 44. Kg2 Kxh5 45. Nf3 Re4 46. Nd2 Rb4 47. Kf3 Nb3 48. Nf1 Nd4+ 49. Kg2 f3+ 50. Kh2 f4 51. Kh3 Rb1 52. Nh2 Rb4 53. Nxf3 Nxf3 54. Rxf3 Rb3 55. Kh2 Rxf3 0-1


[Site "https://www.chess.com"]

[Event "Titled Tuesday Blitz December 27 Late 2022"]
[White "Aguilar, Juan"]
[Black "Averjanov, Alexey"]
[WhiteFideId "3800091"]
[BlackFideId "14109867"]
[WhiteElo "2254"]
[BlackElo "2399"]
[Result "0-1"]
[Round "07"]
[TimeControl "180+2"]
[Date "2022.12.27"]
[WhiteClock "0:00:30"]
[BlackClock "0:01:39"]

1. g3 c5 2. Bg2 Nc6 3. d3 g6 4. e4 Bg7 5. Ne2 e6 6. O-O h5 7. h3 Nge7 8. f4 d6 9. c3 Bd7 10. Be3 Qb6 11. Na3 Qc7 12. d4 cxd4 13. cxd4 a6 14. Rc1 Qb8 15. d5 exd5 16. exd5 Nb4 17. Qb3 a5 18. Bd4 O-O 19. Bxg7 Kxg7 20. Nd4 Qa7 21. Rcd1 Nf5 22. Kh2 Nxd4 23. Qc3 Rac8 24. Qxd4+ Qxd4 25. Rxd4 Nxa2 26. Ra1 Nb4 27. Re1 Rfe8 28. Rxe8 Rxe8 29. Nc4 Re2 30. Nxd6 Rxb2 31. f5 a4 32. Rf4 a3 33. Nc4 a2 34. f6+ Kh6 35. Nxb2 a1=Q 36. Rxb4 b5 37. Nd3 Qc3 38. Bf1 Bf5 0-1


[Site "https://www.chess.com"]

[Event "Titled Tuesday Blitz December 27 Late 2022"]
[White "Ai, Evan"]
[Black "Carbone, Diego"]
[WhiteFideId "2094770"]
[BlackFideId "3002179"]
[WhiteElo "2055"]
[BlackElo "2336"]
[Result "1-0"]
[Round "07"]
[TimeControl "180+2"]
[Date "2022.12.27"]
[WhiteClock "0:00:09"]
[BlackClock "0:00:01"]

1. e4 e5 2. Nf3 Nc6 3. Bb5 a6 4. Ba4 Nf6 5. O-O Nxe4 6. d4 Be7 7. Re1 b5 8. Bb3 d5 9. dxe5 Be6 10. c3 O-O 11. Nbd2 Nc5 12. Bc2 d4 13. cxd4 Nxd4 14. Nxd4 Qxd4 15. Nf3 Qxd1 16. Rxd1 Rfd8 17. Be3 Na4 18. Bxa4 bxa4 19. Nd4 Bd7 20. Rac1 c5 21. Ne2 Be6 22. Nc3 a3 23. bxa3 Rab8 24. Kf1 Rxd1+ 25. Rxd1 Rb2 26. Rd2 Rb8 27. Ke1 Bc4 28. Kd1 h5 29. Kc1 Bd8 30. Rb2 Rc8 31. Ne4 Be7 32. Kc2 Bd5 33. f3 h4 34. Nc3 Be6 35. Rb7 Bd8 36. Ra7 Bc4 37. Ne4 Bxa2 38. Nd6 Rb8 39. Bxc5 Bb1+ 40. Kc1 Ba2 41. Rb7 Ra8 42. Kb2 Bd5 43. Rb4 Ba5 44. Rd4 Be6 45. f4 Rb8+ 46. Kc2 g6 47. g3 Be1 48. Rd3 h3 49. Bb4 Bxb4 50. axb4 Rxb4 51. Ra3 Rb6 52. Kc3 Rc6+ 53. Kd2 Kg7 54. Rc3 Rb6 55. Rc2 Rb3 56. Ne8+ Kf8 57. Nf6 Ke7 58. Rc7+ Kd8 59. Ra7 Rb2+ 60. Ke3 Rxh2 61. Rxa6 Rg2 62. Ra1 Rxg3+ 63. Kf2 Rg2+ 64. Kf3 Rb2 65. Rd1+ Ke7 66. Rc1 Rb3+ 67. Kf2 h2 68. Kg2 Rb2+ 69. Kg3 Bc4 70. Rd1 Bb5 71. Rh1 1-0


[Site "https://www.chess.com"]